 Dungeon Crawl Stone Soup version 0.21.1-1-g345015f (webtiles) character file.

2687 infcreate the Cleaver (level 9, -6/78 HPs)
             Began as a Minotaur Fighter on Apr 28, 2018.
             Was an Elder of Okawaru.
             Splashed by a kobold's acid (11 damage)
             ... on level 7 of the Dungeon.
             The game lasted 00:33:18 (5357 turns).

infcreate the Cleaver (Minotaur Fighter)            Turns: 5357, Time: 00:33:19

Health: -6/78      AC: 13    Str: 25    XL:     9   Next: 38%
Magic:  8/8        EV:  8    Int:  5    God:    Okawaru [****..]
Gold:   253        SH: 11    Dex:  9    Spells: 8/8 levels left

rFire    . . .     SeeInvis .   a - +0 war axe
rCold    . . .     Gourm    .   c - +0 shield
rNeg     + . .     Faith    .   n - +3 scale mail {rPois}
rPois    +         Spirit   .   i - +0 hat
rElec    .         Reflect  .   y - +0 cloak
rCorr    .         Harm     .   l - +0 pair of gloves
MR       .....                  (no boots)
Stlth    ..........             (no amulet)
HPRegen  0.23/turn              m - ring of positive energy
MPRegen  0.11/turn              A - ring of poison resistance

@: no status effects
A: retaliatory headbutt, horns 2
a: Heroism, Renounce Religion


You were on level 7 of the Dungeon.
You worshipped Okawaru.
Okawaru was greatly pleased with you.
You were not hungry.

You visited 1 branch of the dungeon, and saw 7 of its levels.
You also visited: Ossuary.

You collected 253 gold pieces.

Inventory:

Hand Weapons
 a - a +0 war axe (weapon)
Armour
 c - a +0 shield (worn)
 e - a +4 ring mail
 i - a +0 hat (worn)
 l - a +0 pair of gloves (worn)
 n - a +3 scale mail of poison resistance (worn)
 y - a +0 cloak (worn)
Jewellery
 m - a ring of positive energy (left hand)
 A - a ring of poison resistance (right hand)
Scrolls
 h - 4 scrolls of identify
 k - 3 scrolls of blinking
 p - 2 scrolls of fear
 q - a scroll of immolation
 t - 3 scrolls of teleportation {unknown}
 v - a scroll of enchant weapon
 x - 2 scrolls of remove curse
 z - a scroll of vulnerability {unknown}
 C - 2 scrolls of enchant armour {unknown}
Potions
 b - 2 potions of agility
 d - a potion of might
 g - 10 potions of curing
 j - a potion of resistance
 o - a potion of berserk rage {unknown}
 r - a potion of brilliance {unknown}
 s - 3 potions of haste {unknown}
 u - 2 potions of lignification {unknown}
 w - 3 potions of heal wounds {unknown}
 B - a potion of cancellation {unknown}
Comestibles
 f - 13 rations
 D - 2 chunks of flesh


   Skills:
 + Level 6.8 Fighting
 + Level 10.6 Axes
 + Level 7.7 Armour
 + Level 7.9 Shields


You had 8 spell levels left.
You didn't know any spells.

Dungeon Overview and Level Annotations

Branches:
Dungeon (7/15)
 Temple: D:4-7

Altars:
Cheibriados
Dithmenos
Fedhas
Makhleb
Nemelex Xobeh
Okawaru
Qazlal
Ru
Sif Muna
Wu Jian
The Shining One

Shops:
D:7 *


Innate Abilities, Weirdness & Mutations

You reflexively headbutt those who attack you in melee.
You have a pair of horns on your head.


Message History

You start resting.
A kobold comes into view. It is wielding a whip.
The kobold shouts!
The kobold throws a stone.
The stone hits you but does no damage.
The kobold throws a stone.
The stone completely misses you.
Things that are here:
a stone; 5 tomahawks You see here a scroll of identify.
h - 4 scrolls of identify (gained 1)
The kobold throws a stone.
You block the stone.
Things that are here:
a stone; 5 tomahawks The kobold zaps a wand.
The bolt of acid hits you!
You are splashed with acid!
The acid burns!
It is a wand of acid (4).
Things that are here:
a dagger; a robe The kobold zaps a wand.
The bolt of acid hits you!
* * * LOW HITPOINT WARNING * * *
You are splashed with acid!
The acid burns!
You die...

#..# ####.##.# #..#
#.##.# #..#### #†##.#
###.....###.##.# #
##...........##.###
.####....#.†PP.####....
.........#.P∩P.# #####
..####K.)##.PPP.# #
.......@..(.....# #
#....(.......#### #
############## # # #


You could see a kobold.

Vanquished Creatures
  The ghost of azzavlup the Grappler, a novice GrFi (D:7)
  Pikel (D:7)
  Eustachio (D:6)
  An orc warrior (D:7)
  3 slaves (D:7)
  2 sky beasts (D:7)
  An ogre (D:4)
  A centaur (D:5)
  3 big kobolds
  A bullfrog (D:5)
  A gnoll sergeant (D:7)
  3 water moccasin zombies (Ossuary)
  3 crimson imps
  2 centaur zombies
  2 orc priests
  Terence (D:3)
  6 orc wizards
  3 worker ants
  3 big kobold zombies (Ossuary)
  3 mummies
  3 gnolls (D:7)
  An adder (D:2)
  A shadow imp (D:6)
  An ooze (D:1)
  4 adder zombies
  2 adder skeletons (D:7)
  A worm (D:2)
  3 dart slugs
  7 leopard geckos
  7 orcs
  A ball python (D:3)
  5 giant cockroaches
  4 gnoll zombies (Ossuary)
  8 goblins
  10 hobgoblins
  5 jackals
  17 kobolds
  3 quokkas
  5 bats
  3 frilled lizards
  8 hobgoblin zombies (Ossuary)
  A jackal skeleton (D:5)
  6 kobold zombies (Ossuary)
  5 orc zombies (Ossuary)
  A rat (D:1)
154 creatures vanquished.

Notes
Turn   | Place    | Note
-------+----------+-------------------------------------------
     0 | D:1      | infcreate the Minotaur Fighter began the quest for the Orb.
     0 | D:1      | Reached XP level 1. HP: 19/19 MP: 0/0
   213 | D:1      | Reached XP level 2. HP: 27/27 MP: 1/1
   664 | D:2      | Reached XP level 3. HP: 33/33 MP: 2/2
   688 | D:2      | Reached skill level 3 in Axes
  1135 | D:2      | Found an iron altar of Okawaru.
  1148 | D:2      | Became a worshipper of Warmaster Okawaru
  1479 | D:3      | Reached XP level 4. HP: 39/40 MP: 3/3
  1526 | D:3      | Found a blossoming altar of Fedhas.
  1689 | D:3      | Found a glowing golden altar of the Shining One.
  1826 | D:3      | Reached skill level 4 in Axes
  1872 | D:3      | Found a deep blue altar of Sif Muna.
  1877 | D:3      | Found a burning altar of Makhleb.
  1915 | D:3      | Noticed Terence
  1928 | D:3      | Killed Terence
  1928 | D:3      | Reached XP level 5. HP: 43/47 MP: 4/4
  2110 | D:4      | Noticed an ogre
  2111 | D:4      | Found a sand-covered staircase.
  2120 | D:4      | Killed an ogre
  2124 | Ossuary  | Entered an ossuary
  2233 | Ossuary  | Reached skill level 5 in Axes
  2233 | Ossuary  | Reached skill level 5 in Shields
  2261 | Ossuary  | Reached XP level 6. HP: 45/53 MP: 5/5
  2264 | Ossuary  | Reached skill level 5 in Armour
  2322 | Ossuary  | Reached * piety under Okawaru
  2340 | Ossuary  | Reached skill level 6 in Axes
  2618 | D:5      | Entered Level 5 of the Dungeon
  2657 | D:5      | Reached XP level 7. HP: 60/60 MP: 6/6
  2769 | D:5      | Reached skill level 5 in Fighting
  3181 | D:5      | Reached skill level 7 in Axes
  3301 | D:5      | Found an ornate altar of the Wu Jian Council.
  3303 | D:5      | Found a shadowy altar of Dithmenos.
  3307 | D:5      | Found a sparkling altar of Nemelex Xobeh.
  3307 | D:5      | Found a stormy altar of Qazlal.
  3366 | D:5      | Reached ** piety under Okawaru
  3961 | D:6      | Noticed Eustachio
  4210 | D:6      | Killed Eustachio
  4210 | D:6      | Reached skill level 8 in Axes
  4210 | D:6      | Reached XP level 8. HP: 66/69 MP: 7/7
  4576 | D:7      | Found a snail-covered altar of Cheibriados.
  4578 | D:7      | Noticed Pikel
  4604 | D:7      | Killed Pikel
  4604 | D:7      | Reached *** piety under Okawaru
  4604 | D:7      | Reached skill level 9 in Axes
  4605 | D:7      | Noticed azzavlup's ghost (novice GrFi)
  4619 | D:7      | Killed azzavlup's ghost
  4619 | D:7      | Reached XP level 9. HP: 47/75 MP: 8/8
  4777 | D:7      | Reached skill level 10 in Axes
  5141 | D:7      | Reached **** piety under Okawaru
  5172 | D:7      | Found a sacrificial altar of Ru.
  5286 | D:7      | Found Homiobid's Assorted Antiques.
  5357 | D:7      | Splashed by a kobold's acid

Skill      XL: |  1  2  3  4  5  6  7  8  9 |
---------------+----------------------------+-----
Armour         | 4 5 6 7 |  7.7
Shields        | 4 5 6 7 |  7.9
Fighting       | 4 5 6 |  6.8
Axes           | 3 4 5 6 8 9 10 | 10.6

Action                   |  1- 3 |  4- 6 |  7- 9 || total
-------------------------+-------+-------+-------++-------
Melee: War axe           |    86 |   173 |   241 ||   500
       Headbutt          |    14 |    28 |    40 ||    82
  Use: Scroll            |     3 |     5 |       ||     8
       Potion            |       |     1 |       ||     1
  Eat: Chunk             |     2 |     2 |     4 ||     8
       Ration            |       |     1 |     1 ||     2
Armor: Ring mail         |    31 |    16 |       ||    47
       Scale mail        |       |    65 |   105 ||   170
Dodge: Dodged            |    30 |    49 |    79 ||   158
Block: Shield            |    53 |    95 |   117 ||   265
